 Dungeon Crawl Stone Soup version 0.29-a0-222-g5b244fca1f (webtiles) character file.

Game seed: 16305821541621504611

2 Crownlay the Digger (level 1, 0/10 HPs)
             Began as a Gargoyle Earth Elementalist on Feb 27, 2022.
             Slain by a kobold
             ... wielding a +0 whip
              (3 damage)
             ... on level 1 of the Dungeon.
             The game lasted 00:00:17 (48 turns).

Crownlay the Digger (Gargoyle Earth Elementalist)     Turns: 48, Time: 00:00:18

Health: 0/10       AC:  4    Str: 11    XL:     1   Next: 30%
Magic:  0/3        EV: 11    Int: 15    God:
Gold:   0          SH:  0    Dex: 10    Spells: 3/4 levels left

rFire   . . .      SeeInvis .   (no weapon)
rCold   . . .      Faith    .   (no shield)
rNeg    + . .      Spirit   .   b - +0 robe
rPois   ∞          Reflect  .   (no helmet)
rElec   +          Harm     .   (no cloak)
rCorr   .          Rampage  .   (no gloves)
Will    .....                   (no boots)
Stlth   ++........              (no amulet)
HPRegen 0.03/turn               (no ring)
MPRegen 0.08/turn               (no ring)

@: no status effects
A: sickness immunity, AC +2, negative energy resistance 1, electricity
resistance, torment resistance 1, petrification resistance
a: no special abilities


You were on level 1 of the Dungeon.
You visited 1 branch of the dungeon, and saw 1 of its levels.

Inventory:

Missiles
 a - 26 stones
Armour
 b - a +0 robe (worn)


   Skills:
 - Level 1.5 Dodging
 - Level 2.1 Stealth
 * Level 2.1 Spellcasting
 - Level 0.7 Transmutations
 + Level 3.7 Earth Magic


You had 3 spell levels left.
You knew the following spells:

 Your Spells              Type           Power      Damage    Failure   Level
a - Sandblast             Erth           24%        2d8       4%          1

Your spell library contained the following spells:

 Spells                   Type           Power      Damage    Failure   Level
 Passwall                 Tmut/Erth      6%         N/A       14%         2
 Stone Arrow              Conj/Erth      14%        3d7       30%         3
 Petrify                  Tmut/Erth      8%         N/A       65%         4


Dungeon Overview and Level Annotations

Branches:
Dungeon (1/15)

Altars:

Shops:
D:1 *(


Innate Abilities, Weirdness & Mutations

You are immune to sickness and miasma.
Your stone body is resilient. (AC +2)
You are immune to poison.
You resist negative energy. (rN+)
You are resistant to electric shocks. (rElec)
You are resistant to unholy torment.
You are immune to petrification.


Message History

A hobgoblin and a ball python come into view.
Found an escape hatch in the floor.
The ball python hisses angrily.
A hobgoblin comes into view.
Found a robe.
The hobgoblin shouts!
The blast of sand hits the ball python!
You kill the ball python!
The blast of sand hits the hobgoblin.
The hobgoblin is almost dead.
The blast of sand misses the hobgoblin.
The hobgoblin shouts!
The hobgoblin hits you.
You hit the hobgoblin.
You kill the hobgoblin!
A kobold comes into view. It is wielding a +0 whip.
Found Ostrelau's Weapon Emporium.
The kobold shouts!
You hit the hobgoblin but do no damage. The hobgoblin barely misses you.
The hobgoblin hits you.
There is an open door here.
You hit the kobold but do no damage. The kobold hits you but does no damage.
You barely miss the kobold. The kobold barely misses you.
Casting: Sandblast (safe; 4% risk of failure)
Confirm with . or Enter, or press ? or * to list all spells.
Aiming: Sandblast (safe; 4% risk of failure)
Press: ? - help, Shift-Dir - straight line, f - kobold
Aim: a kobold, wielding a +0 whip (74% to hit)
The blast of sand hits the kobold but does no damage.
The kobold hits you with a +0 whip.
You closely miss the kobold. The kobold closely misses you.
You barely miss the kobold. The kobold hits you with a +0 whip.
* * * LOW HITPOINT WARNING * * *
You hit the kobold.
The kobold is severely wounded.
The kobold hits you but does no damage.
You barely miss the kobold.
The kobold is severely wounded.
The kobold hits you with a +0 whip.
You die...

######### #Z#Z#Z#Z#####
###########Z#Z#
##+##Z#.......##### #
###...###.#####...... ##.
#Z#.>.....#Z#^#####..
#..####...#########Z#Z###
#...##@##Z#Z# #####Z#
.###....#K###### ###
.[....†..g#
..........#####
................
......8...#.####
..##.......... .
#.8.∩.8.#..##
#...>.....∩.∩


You could see a hobgoblin, a kobold, a felid skeleton, a demonspawn skeleton and
a tengu skeleton.

Vanquished Creatures
  A hobgoblin (D:1)
  A ball python (D:1)
2 creatures vanquished.

Notes
Turn   | Place    | Note
-------+----------+-------------------------------------------
     0 | D:1      | Crownlay the Gargoyle Earth Elementalist began the quest
                  | for the Orb.
     0 | D:1      | Reached XP level 1. HP: 10/10 MP: 3/3
     0 | D:1      | Noticed a minotaur skeleton
    27 | D:1      | Found Zemeunif's General Store.
    35 | D:1      | Found Ostrelau's Weapon Emporium.
    48 | D:1      | Slain by a kobold

Illustrated notes

Levels and vault maps discovered:
D:1:      shiori_arrival_whats_in_store_for_you, layout_rooms,
          hellmonk_ecumenical_altar_lost_god, serial_shops,
          nicolae_shop_statue_plus, nicolae_shop_competitors_out_of_business,
          nicolae_diamond_shop, minmay_misc_feat_tower, grunt_decor_fettered,
          nrook_uturn

Action                   || total
-------------------------++-------
Melee: Unarmed           ||     8
 Cast: Sandblast         ||     4
Armor: Robe              ||     2
Dodge: Dodged            ||     3

Table legend: (Time is in decaauts)
 A = Elapsed time spent in this place.
 B = Non-inter-level travel time spent in this place.
 C = Inter-level travel time spent in this place.
 D = Time resting spent in this place.
 E = Time spent auto-exploring this place.
 F = Levels seen in this place.
 G = Mean time per level.
                   A        B        C        D        E       F      G
               +--------+--------+--------+--------+--------+-----+--------+
         Total |     48 |     48 |      0 |      0 |     26 |   1 |   48.0 |
       Dungeon |     48 |     48 |      0 |      0 |     26 |   1 |   48.0 |
               +--------+--------+--------+--------+--------+-----+--------+

Top non-repeatable levels by time:
     D:1: 48 daAuts
